 Dungeon Crawl Stone Soup version 0.29-a0-993-g4a18f31a58 (webtiles) character file.

Game seed: 17238099619745258861

23 Sobieck the Sneak (level 3, 0/18 HPs)
             Began as a Vine Stalker Brigand on Aug 2, 2022.
             Slain by a jackal (2 damage)
             ... on level 1 of the Dungeon.
             The game lasted 00:01:16 (392 turns).

Sobieck the Sneak (Vine Stalker Brigand)             Turns: 392, Time: 00:01:17

Health: 0/18       AC:  3    Str: 13    XL:     3   Next: 0%
Magic:  0/4        EV: 12    Int: 11    God:
Gold:   24         SH:  0    Dex: 17    Spells: 2/2 levels left

rFire   . . .      SeeInvis .   a - +2 dagger {short}
rCold   . . .      Faith    .   (no shield)
rNeg    . . .      Spirit   +   f - +0 robe
rPois   .          Reflect  .   (no helmet)
rElec   .          Harm     .   c - +0 cloak
rCorr   .          Rampage  .   (no gloves)
Will    .....                   (no boots)
Stlth   +++.......              (no amulet)
HPRegen 0.06/turn               (no ring)
MPRegen 0.09/turn               (no ring)

@: no status effects
A: fangs 2, magic shield, antimagic bite, no potion heal 2
a: no special abilities


You were on level 1 of the Dungeon.
You visited 1 branch of the dungeon, and saw 1 of its levels.

You collected 24 gold pieces.


Innate Abilities, Weirdness & Mutations

You have extremely sharp teeth.
When hurt, damage is shared between your health and your magic reserves.
Your bite disrupts and absorbs the magic of your enemies.
Potions cannot restore your health.


   Skills:
 + Level 2.0 Fighting
 * Level 2.3 Short Blades
 - Level 2.0 Throwing
 + Level 1.1 Dodging
 + Level 5.0 Stealth


You had 2 spell levels left.
You didn't know any spells.
Your spell library was empty.

Inventory:

Hand Weapons
 a - a +2 dagger (weapon) {short}
 b - a +0 sling
   (You found it on level 1 of the Dungeon)
Missiles
 d - 9 poisoned darts (quivered) {throwing}
 e - 3 curare-tipped darts {=fthrowing}
Armour
 c - a +0 cloak (worn)
 f - a +0 robe (worn)
 h - a +0 leather armour
   (You found it on level 1 of the Dungeon)
Scrolls
 g - 2 scrolls of poison {unknown}
 i - a scroll of teleportation {unknown}

Dungeon Overview and Level Annotations

Branches:
Dungeon (1/15) Zot: 5606

Altars:

#.......#...
##.....## ..
#########.........
#......##.......#.
#...............#
#.......##.....##
#.....†.###...##
#......#########
#......h@.......
#......########.
#......# #....h.#
##......#######.
#............hh.
#.......$######
#...............
#...............


You could see a jackal.


Message History

You kill the endoplasm!
Your Fighting skill increases to level 2!
No target in view!
a - a +2 dagger (weapon)
{short}
b - a +0 sling (weapon)
An endoplasm comes into view.
Danger!
You shoot a sling bullet. The sling bullet hits the endoplasm.
The endoplasm quivers.
You shoot a sling bullet. The sling bullet hits the endoplasm.
You kill the endoplasm!
No target in view!
A hobgoblin and a rat come into view.
Danger!
You shoot a sling bullet.
The sling bullet completely misses the hobgoblin.
You shoot a sling bullet.
The sling bullet closely misses the hobgoblin.
The hobgoblin shouts!
You shoot a sling bullet.
The sling bullet closely misses the hobgoblin.
You shoot a sling bullet. The sling bullet hits the hobgoblin.
You shoot a sling bullet.
The sling bullet hits the hobgoblin but does no damage.
The hobgoblin hits you but does no damage.
The rat bites you but does no damage.
a - a +2 dagger (weapon)
{short} You hit the hobgoblin.
The hobgoblin closely misses you. The rat misses you.
You hit the hobgoblin.
You kill the hobgoblin!
The rat barely misses you.
You hit the rat.
You kill the rat!
No target in view!
b - a +0 sling (weapon)
i - a scroll labelled LEN FOCIMPE A rat comes into view.
Found a stone staircase leading down.
You see here 9 gold pieces.
Danger!
You shoot a sling bullet. The sling bullet barely misses the rat.
You hear a bark!
A jackal comes into view.
You shoot a sling bullet. The sling bullet hits the rat.
A jackal comes into view.
You shoot a sling bullet.
The sling bullet closely misses the rat.
The jackal barks!
You hear an angry hiss.
A jackal comes into view. x2
a - a +2 dagger (weapon)
{short} The jackal bites you.
The rat attacks as you move away! The rat bites you.
The jackal attacks as you move away!
The jackal bites you but does no damage.
The jackal bites you but does no damage.
The jackal bites you. The rat attacks as you move away!
The rat bites you but does no damage. The jackal attacks as you move away!
The jackal bites you. The jackal bites you.
* * * LOW HITPOINT WARNING * * *
The jackal attacks as you move away! The jackal closely misses you.
Unknown command.
You hit the rat but do no damage. Your bite misses the rat. The rat misses you.
You hit the rat.
You kill the rat!
You hit the jackal. Your bite misses the jackal. The jackal closely misses you.
Unknown command.
You miss the jackal. You bite the jackal. You drain its power.
You feel invigorated. The jackal bites you.
* * * LOW HITPOINT WARNING * * *
You closely miss the jackal.
The jackal barks!
Your bite misses the jackal.
You hear a bark!
The jackal misses you.
You hear a shout!
Unknown command.
You hit the jackal. The jackal closely misses you.
You hit the jackal.
You kill the jackal!
The jackal bites you.
You completely miss the jackal. You bite the jackal, but do no damage.
The jackal completely misses you.
You closely miss the jackal. The jackal closely misses you.
You barely miss the jackal. You bite the jackal, but do no damage.
The jackal bites you.
* * * LOW HITPOINT WARNING * * *
The jackal bites you.
* * * LOW HITPOINT WARNING * * *
You hit the jackal. The jackal barely misses you.
Unknown command.
You hit the jackal.
You kill the jackal!
The jackal bites you.
You have reached level 3!
Your experience leads to an increase in your attributes!
Increase (S)trength, (I)ntelligence, or (D)exterity?
You feel agile. x2
You hit the jackal. The jackal bites you.
You die...

Skill      XL: |  1  2 |
---------------+-------+-----
Short Blades   | 2 |  2.3
Dodging        | 1 |  1.1
Stealth        | 5 |  5.0
Throwing       | 2 |  2.0
Fighting       | 2 |  2.0

Action                   || total
-------------------------++-------
Melee: Dagger            ||    30
       Bite              ||     8
 Fire: Sling             ||    22
Armor: Robe              ||     9
Dodge: Dodged            ||    18

Levels and vault maps discovered:
D:1:      onia_arrival_mini_maze_b, layout_rooms

Notes
Turn   | Place    | Note
-------+----------+-------------------------------------------
     0 | D:1      | Sobieck the Vine Stalker Brigand began the quest for the
                  | Orb.
     0 | D:1      | Reached XP level 1. HP: 11/11 MP: 2/2
   141 | D:1      | Reached skill level 2 in Short Blades
   141 | D:1      | Reached XP level 2. HP: 11/15 MP: 3/3
   293 | D:1      | Reached skill level 1 in Dodging
   293 | D:1      | Reached skill level 5 in Stealth
   311 | D:1      | Reached skill level 2 in Throwing
   341 | D:1      | Reached skill level 2 in Fighting
   389 | D:1      | HP: 3/15 [jackal (1)]
   389 | D:1      | HP: 1/15 [jackal (2)]
   392 | D:1      | Reached XP level 3. HP: 2/18 MP: 1/4
   392 | D:1      | Slain by a jackal

Vanquished Creatures
  2 ball pythons (D:1)
  A bat (D:1)
  4 endoplasms (D:1)
  2 hobgoblins (D:1)
  6 jackals (D:1)
  4 rats (D:1)
19 creatures vanquished.

Table legend:
 A = Non-vault XP
 B = Vault XP
 C = Vault XP percentage of total XP
 D = Non-vault monster count
 E = Vault monster count
 F = Vault count percentage of total count
                 A         B        C        D         E       F
            +---------+---------+-------+---------+---------+-------
      Total |      34 |       0 |   0.0 |      19 |       0 |   0.0
            +---------+---------+-------+---------+---------+-------
        D:1 |      34 |       0 |   0.0 |      19 |       0 |   0.0
            +---------+---------+-------+---------+---------+-------

Illustrated notes

Table legend:
 A = Kills in this place as a percentage of kills in entire the game.
 B = Kills by you in this place as a percentage of kills by you in the entire game.
 C = Kills by friends in this place as a percentage of kills by friends in the entire game.
 D = Other kills in this place as a percentage of other kills in the entire game.
 E = Experience gained in this place as a percentage of experience gained in the entire game.
 F = Experience gained in this place divided by the number of levels of this place that you have seen.
                   A       B       C       D       E      F
               +-------+-------+-------+-------+-------+----------------------
         Total | 100.0 | 100.0 |   N/A |   N/A | 100.0 |  34.0
       Dungeon | 100.0 | 100.0 |   N/A |   N/A | 100.0 |  34.0
               +-------+-------+-------+-------+-------+----------------------

Table legend: (Time is in decaauts)
 A = Elapsed time spent in this place.
 B = Non-inter-level travel time spent in this place.
 C = Inter-level travel time spent in this place.
 D = Time resting spent in this place.
 E = Time spent auto-exploring this place.
 F = Levels seen in this place.
 G = Mean time per level.
                   A        B        C        D        E       F      G
               +--------+--------+--------+--------+--------+-----+--------+
         Total |    393 |    378 |     15 |     78 |    211 |   1 |  393.0 |
       Dungeon |    393 |    378 |     15 |     78 |    211 |   1 |  393.0 |
               +--------+--------+--------+--------+--------+-----+--------+

Top non-repeatable levels by time:
     D:1: 393 daAuts
